Map: Tokamak LE

Players

ManlyManMeat - Winner!

  • Race: Zerg Zerg
  • League: Diamond
  • Spawn Location: 7:00

MightyDuck

  • Race: Protoss Protoss
  • League: Diamond
  • Spawn Location: 1:00

VOD

Have the link to the VOD?

Description

Time

  • Played on: July 2, 2025, 7:28 a.m.
  • Length: 10:48
Show
View Real Time Build Order
Export as new Build Order

ManlyManMeat Zerg - Winner!

Build Orders: Hatch First 

Get SALT Encoding   

  12  0:02  Drone  
  13  0:09  Drone  
  13  0:13  Extractor  
  13  0:15  Drone  
  15  0:23  Overlord  
  15  0:50  Drone, Hatchery  
  15  1:00  Drone  
  15  1:01  Drone  
  15  1:04  Drone  
  18  1:20  Spawning Pool  
  18  1:21  Extractor  
  18  1:22  Drone  
  17  1:36  Drone  
  17  1:37  Drone  
  19  1:44  Drone  
  20  2:04  Overlord  
  20  2:07  Queen  
  22  2:10  Queen  
  22  2:13  Zergling x4  
  22  2:15  Drone  
  27  2:23  Drone  
  27  2:29  Drone x2, Metabolic Boost  
  32  2:54  Drone x2  
  32  2:55  Queen  
  34  3:01  Hatchery  
  34  3:05  Drone  
  34  3:10  Drone x2  
  34  3:11  Overlord  
  36  3:17  Overlord  
  36  3:18  Overlord  
  36  3:26  Overlord  
  35  3:41  Spore Crawler  
  35  3:42  Spore Crawler  
  35  3:44  Drone x3  
  35  3:46  Drone x2  
  38  3:54  Drone x7  
  45  4:09  Drone x2  
  48  4:17  Drone x3  
  48  4:21  Baneling Nest  
  49  4:25  Evolution Chamber  
  49  4:29  Extractor  
  47  4:37  Drone  
  47  4:38  Drone x6  
  52  4:39  Drone x2  
  52  4:45  Hatchery  
  55  4:47  Overlord  
  55  4:50  Drone x2  
  55  4:52  Drone  
  58  5:04  Queen  
  58  5:06  Zerg Melee Weapons Level 1  
  60  5:10  Evolution Chamber  
  60  5:13  Hatchery  
  57  5:16  Hatchery  
  57  5:17  Extractor  
  57  5:18  Extractor x2  
  57  5:19  Extractor  
  57  5:21  Drone x3  
  55  5:22  Drone x3  
  55  5:23  Drone  
  55  5:24  Drone x2  
  61  5:38  Lair  
  61  5:42  Overlord x4  
  61  5:51  Zergling x8  
  65  6:06  Zerg Ground Armor Level 1  
  65  6:13  Zergling x2  
  65  6:14  Zergling x22  
  77  6:22  Zergling x2  
  77  6:23  Zergling x8  
  82  6:29  Zergling x14  
  89  6:38  Centrifugal Hooks  
  89  6:39  Hydralisk Den  
  88  7:08  Hydralisk x9, Muscular Augments  
  88  7:15  Baneling x7  
  106  7:16  Baneling x3  
  106  7:20  Hatchery  
  105  7:27  Hatchery  
  104  7:31  Hydralisk x3  
  104  7:33  Overlord x3  
  110  7:51  Baneling x10  
  110  7:52  Zergling x8  
  110  7:53  Zergling x8  
  110  7:57  Drone x3  
  110  7:58  Drone  
  122  8:07  Zerg Melee Weapons Level 2, Zerg Missile Weapons Level 1  
  122  8:11  Hydralisk  
  122  8:12  Grooved Spines  
  124  8:13  Zergling x4  
  100  8:45  Hydralisk x6  
  100  8:46  Hydralisk x5, Zergling x2  
  111  8:51  Drone x2  
  111  9:01  Zergling x22  
  96  9:30  Zergling x22  
  105  9:34  Zergling x4  
  105  9:43  Baneling x11  
  104  9:56  Hydralisk x6  
  116  10:05  Baneling x5  
  116  10:06  Zergling x6  
  100  10:26  Zergling x18  
Show
View Real Time Build Order
Export as new Build Order

MightyDuck Protoss 

Build Orders: Blink Stalkers 

Get SALT Encoding   

  12  0:00  Probe  
  13  0:12  Probe  
  14  0:20  Pylon  
  14  0:25  Probe  
  15  0:35  Probe  
  16  0:44  Gateway, Probe  
  17  0:53  Assimilator  
  17  0:56  Probe  
  18  1:04  Probe  
  19  1:12  Probe  
  19  1:13  Pylon  
  20  1:20  Assimilator  
  20  1:28  Probe  
  21  1:35  Cybernetics Core  
  21  1:48  Nexus  
  21  1:52  Probe  
  22  2:01  Adept  
  22  2:07  Probe  
  25  2:18  Warp Gate  
  25  2:24  Probe  
  25  2:25  Twilight Council  
  26  2:36  Stalker  
  28  2:40  Probe  
  29  2:45  Gateway  
  29  2:54  Probe  
  29  2:57  Probe  
  30  3:02  Blink  
  31  3:09  Shield Battery  
  31  3:11  Probe  
  31  3:14  Probe  
  31  3:15  Stalker  
  35  3:24  Robotics Facility  
  35  3:26  Probe  
  36  3:27  Probe  
  37  3:41  Stalker  
  37  3:42  Probe x2  
  37  3:44  Stalker  
  43  3:57  Probe x2  
  45  4:15  Nexus  
  45  4:16  Pylon  
  45  4:27  Pylon  
  45  4:29  Assimilator  
  45  4:36  Probe x2  
  47  4:39  Observer  
  48  4:49  Gateway  
  48  4:50  Gateway  
  48  4:53  Pylon, Stalker  
  48  4:54  Stalker  
  48  4:55  Probe x2  
  48  4:59  Assimilator  
  54  5:00  Observer  
  55  5:07  Probe  
  56  5:17  Stalker x2  
  60  5:26  Gateway, Templar Archives  
  60  5:29  Forge, Probe x2  
  60  5:32  Probe  
  60  5:33  Pylon  
  63  5:38  Charge  
  63  5:46  Warp Prism  
  65  5:55  Stargate  
  65  5:56  Probe  
  65  5:57  Probe x2  
  68  6:08  Stalker x3  
  74  6:27  High Templar  
  74  6:28  Probe x2  
  74  6:29  Probe  
  74  6:32  Shield Battery  
  79  6:37  Photon Cannon  
  79  6:41  Assimilator  
  79  6:43  Assimilator  
  79  6:44  Pylon  
  79  6:51  Probe x3  
  79  6:53  Psionic Storm  
  82  7:01  Protoss Ground Weapons Level 1  
  82  7:05  Probe  
  82  7:06  Probe x2  
  85  7:12  Gateway  
  85  7:13  Gateway  
  85  7:15  Photon Cannon  
  85  7:16  Stalker  
  85  7:17  Zealot x2  
  85  7:19  Photon Cannon  
  85  7:20  High Templar  
  85  7:21  Gateway  
  93  7:27  Photon Cannon  
  93  7:34  Photon Cannon  
  93  7:35  Photon Cannon  
  93  7:37  Photon Cannon  
  93  7:39  Pylon, Stalker x2  
  97  7:50  Probe x3  
  100  8:01  Zealot x2  
  100  8:02  Zealot  
  106  8:10  Zealot  
  108  8:17  Pylon  
  108  8:22  Fleet Beacon  
  106  8:37  Stalker  
  106  8:38  Stalker x2  
  106  8:40  Stalker  
  81  8:59  Zealot x3  
  69  9:08  Pylon  
  44  9:22  Stalker  
  44  9:23  Stalker x2  
  37  9:37  Probe x2  
  35  9:48  Probe x2, High Templar x2  
  35  9:49  High Templar  
  35  9:50  Stalker  
  35  9:51  Zealot  
  47  9:56  Probe x2  
  47  10:04  Probe  
  46  10:24  Stalker  
  46  10:25  Stalker  
  46  10:26  Sentry  
  32  10:39  Zealot  
Tags
 
Composition
Blink Stalkers
Matchup
PvZ
Replay Pack
Myownreplay2
Spawn Locations
Cross Positions
Add a new tag
Caveats
  • Supply blocks, unpowered buildings, or Contaminate may cause inaccurate times.
  • Supply counts are checked every 10 seconds.